 Dungeon Crawl Stone Soup version 0.21-a0-251-g5e8393f (webtiles) character file.

288 Starchild the Chiller (level 6, 0/41 HPs)
             Began as a Merfolk Ice Elementalist on Sept 5, 2017.
             Was an Initiate of Vehumet.
             Succumbed to a scorpion's poison
             ... in the Ecumenical Temple.
             The game lasted 00:24:29 (3870 turns).

Starchild the Chiller (Merfolk Ice Elementalist)    Turns: 3870, Time: 00:24:30

Health: 0/41       AC: 10    Str: 13    XL:     6   Next: 31%
Magic:  8/9        EV: 13    Int: 17    God:    Vehumet [......]
Gold:   145        SH:  0    Dex: 16    Spells: 3/9 levels left

rFire    . . .     SeeInvis .   o - +0 trident
rCold    . . .     Gourm    .   (no shield)
rNeg     . . .     Faith    .   a - +0 robe
rPois    .         Spirit   .   (no helmet)
rElec    .         Reflect  .   p - +0 cloak
rCorr    .         Harm     .   (no gloves)
MR       .....                  w - +0 pair of boots
Stlth    ++........             (no amulet)
HPRegen  0.13/turn              (no ring)
MPRegen  0.11/turn              (no ring)

@: mighty, lethally poisoned (0 -> -7), icy armour, slow
A: change form in water, swift swim, stealthy swim, agile 1, blink
a: Blink, Renounce Religion


You were in the Ecumenical Temple.
You worshipped Vehumet.
Vehumet was noncommittal.
You were very hungry.

You visited 2 branches of the dungeon, and saw 5 of its levels.

You collected 145 gold pieces.

Inventory:

Hand Weapons
 e - a +0 vampiric dagger
 o - a +0 trident (weapon)
Missiles
 m - 86 stones (quivered)
Armour
 a - a +0 robe (worn)
 f - a +0 shield
 p - a +0 cloak (worn)
 w - a +0 pair of boots (worn)
Magical Staves
 C - an uncursed staff of earth
Scrolls
 h - 2 scrolls of remove curse {unknown}
 i - a scroll of amnesia {unknown}
 q - 2 scrolls of identify {unknown}
 r - 2 scrolls of fog
 t - a scroll of enchant armour {unknown}
 y - a scroll of blinking {unknown}
 A - a scroll of enchant weapon {unknown}
Potions
 j - a potion of brilliance {unknown}
 k - 2 potions of mutation
 l - a potion of lignification {unknown}
 n - a potion of degeneration {unknown}
 u - a potion of flight {unknown}
 z - a potion of agility {unknown}
Books
 b - a book of Frost

   Spells                             Type                      Level
   a - Freeze                         Ice                          1
   b - Throw Frost                    Conjuration/Ice              2
   c - Ozocubu's Armour               Charms/Ice                   3
   d - Throw Icicle                   Conjuration/Ice              4
   e - Summon Ice Beast               Ice/Summoning                4
 s - a book of Cantrips

   Spells                             Type                      Level
   a - Confusing Touch                Hexes                        1
   b - Animate Skeleton               Necromancy                   1
   c - Summon Small Mammal            Summoning                    1
   d - Apportation                    Translocation                1
Comestibles
 c - 5 bread rations
 v - 5 fruits
 x - a meat ration
 B - a royal jelly


   Skills:
 - Level 2.6 Dodging
 - Level 2.1 Stealth
 - Level 2.0 Spellcasting
 - Level 0.7 Conjurations
 + Level 7.5 Ice Magic


You had 3 spell levels left.
You knew the following spells:

 Your Spells              Type           Power        Failure   Level  Hunger
a - Freeze                Ice            ####         1%          1    #......
b - Throw Frost           Conj/Ice       ###...       5%          2    ###....
c - Ozocubu's Armour      Chrm/Ice       ##......     12%         3    ###....


Dungeon Overview and Level Annotations

Branches:
Dungeon (4/15)             Temple (1/1) D:4

Altars:
Ashenzari
Cheibriados
Dithmenos
Elyvilon
Fedhas
Gozag
Hepliaklqana
Nemelex Xobeh
Okawaru
Qazlal
Ru
Trog
Vehumet
The Shining One


Innate Abilities, Weirdness & Mutations

You revert to your normal form in water.
You are very nimble and swift while swimming.
You are very stealthy in the water. (Stealth+)
You are agile. (Dex +2)
You can translocate small distances at will.


Message History

Aim: a scorpion You reach to attack!
You hit the scorpion but do no damage. The orc hits you with a hand axe.
* * * LOW HITPOINT WARNING * * *
Attack whom?
Press: ? - help, Dir - move target cursor, f/p - scorpion
Aim: a scorpion You reach to attack!
You hit the scorpion but do no damage. The orc hits you with a hand axe.
* * * LOW HITPOINT WARNING * * *
You puncture the orc!
You kill the orc!
Vehumet accepts your kill. The scorpion stings you.
* * * LOW HITPOINT WARNING * * *
You are lethally poisoned!
The scorpion poisons you!
It was a potion of might.
You feel very mighty all of a sudden.
You die...

##### ##### ####≈≈≈###
###≈≈≈####
###≈≈≈≈≈≈≈≈####≈≈≈≈≈≈≈≈###
##...........##...........##
#...._.......@s.......<....#
##............##............##
#............####............#
#.........#### ####.........#
##.......##### #####.......##
#.......##...##
##...##.......#
#.......#.....#
#.....#.......#
8.......'.._..#
#.._..'........
#.......#.....#
#.....#.......#


You could see a scorpion.

Vanquished Creatures
  A howler monkey (D:4)
  2 orc wizards (D:4)
  2 worker ants (D:4)
  A hound skeleton (D:4)
  4 adders
  2 oozes
  4 worms
  2 dart slugs
  2 leopard geckos
  10 orcs
  3 ball pythons
  6 bats
  2 giant cockroaches
  4 goblins
  6 hobgoblins
  5 jackals
  A frilled lizard (D:2)
  4 kobolds
  6 rats
67 creatures vanquished.

Notes
Turn   | Place    | Note
-------+----------+-------------------------------------------
     0 | D:1      | Starchild the Merfolk Ice Elementalist began the quest for the Orb.
     0 | D:1      | Reached XP level 1. HP: 13/13 MP: 3/3
   154 | D:1      | Reached XP level 2. HP: 19/19 MP: 3/5
   158 | D:1      | Learned a level 2 spell: Throw Frost
   238 | D:1      | Reached skill level 4 in Ice Magic
   838 | D:2      | Reached XP level 3. HP: 14/24 MP: 1/6
  1269 | D:2      | Learned a level 3 spell: Ozocubu's Armour
  1279 | D:2      | Reached skill level 5 in Ice Magic
  1320 | D:2      | Reached XP level 4. HP: 15/30 MP: 0/7
  1726 | D:2      | Found a sparkling altar of Nemelex Xobeh.
  2045 | D:3      | Found a bloodstained altar of Trog.
  2559 | D:3      | Found a sacrificial altar of Ru.
  2907 | D:3      | Found a white marble altar of Elyvilon.
  2972 | D:4      | Reached skill level 6 in Ice Magic
  3071 | D:4      | Reached XP level 5. HP: 29/35 MP: 3/8
  3307 | D:4      | Found a staircase to the Ecumenical Temple.
  3314 | Temple   | Entered the Ecumenical Temple
  3477 | Temple   | Became a worshipper of Vehumet
  3525 | D:4      | Reached skill level 7 in Ice Magic
  3556 | D:4      | Reached XP level 6. HP: 28/41 MP: 1/9
  3825 | D:4      | Gained mutation: You can translocate small distances at will. [potion of mutation]
  3825 | D:4      | Gained mutation: You are agile. (Dex +2) [potion of mutation]
  3851 | Temple   | HP: 2/41 [poisoned by a scorpion]
  3869 | Temple   | HP: 1/41 [scorpion (3)]
  3870 | Temple   | Succumbed to a scorpion's poison

Vault maps used:
D:1:      nzn_arrival_depleted_hourglass, serial_curves, eino_curves_01,
          eino_curves_02
D:2:      marbit_many_paths
D:3:      lemuel_coloured_pillars_altar, bloody_trog, minmay_misc_feat_encased,
          elyvilon_altar_4
D:4:      minmay_temple_entry_trees, first_bread, serial_bayou_pond_d
Temple:   minmay_temple_curvy_loop

Skill      XL: |  1  2  3  4  5 |
---------------+----------------+-----
Ice Magic      | 4 5 6 7 |  7.5
Dodging        | |  2.6
Stealth        | |  2.1
Spellcasting   | |  2.0
Conjurations   | |  0.7

Action                   |  1- 3 |  4- 6 || total
-------------------------+-------+-------++-------
Melee: Unarmed           |     7 |       ||     7
       Trident           |    15 |   142 ||   157
Throw: Stone             |       |    11 ||    11
 Cast: Freeze            |    35 |    30 ||    65
       Throw Frost       |     8 |    14 ||    22
       Ozocubu's Armour  |       |     7 ||     7
  Use: Potion            |       |     3 ||     3
       Scroll            |       |     1 ||     1
 Stab: Sleeping          |       |     1 ||     1
  Eat: Chunk             |     2 |     8 ||    10
       Royal jelly       |       |     1 ||     1
Armor: Robe              |     7 |    49 ||    56
Dodge: Dodged            |    21 |   124 ||   145

Table legend:
 A = Spawn XP
 B = Non-spawn XP
 C = Spawn XP percentage of total XP
 D = Spawn monster count
 E = Non-spawn monster count
 F = Spawn count percentage of total count
 G = Total turns spent on level
                    A         B        C        D         E        F      G
               +---------+---------+-------+---------+---------+-------+---------
         Total |      54 |     358 |  13.1 |      18 |      49 |  26.9 |  3870
               +---------+---------+-------+---------+---------+-------+---------
           D:1 |       6 |      17 |  26.1 |       2 |       9 |  18.2 |   705
           D:2 |      34 |      49 |  41.0 |      12 |      16 |  42.9 |  1334
           D:3 |       9 |      40 |  18.4 |       3 |      11 |  21.4 |   922
           D:4 |       5 |     249 |   2.0 |       1 |      12 |   7.7 |   697
        Temple |       0 |       3 |   0.0 |       0 |       1 |   0.0 |   212
               +---------+---------+-------+---------+---------+-------+---------
